 Dungeon Crawl Stone Soup version 0.15-a0-1914-g8cb84b8 (console) character file.

4174 indubioproreo the Cruncher (level 10, -6/50 HPs)
             Began as a Deep Elf Ice Elementalist on July 7, 2014.
             Was a Follower of Cheibriados.
             Killed by divine providence
             ... invoked by an orc priest
              (11 damage)
             ... on Level 8 of the Dungeon.
             The game lasted 00:33:54 (3923 turns).

indubioproreo the Cruncher (DEIE)                   Turns: 3923, Time: 00:33:54

HP  -6/50        AC  3     Str 10      XL: 10   Next:  7%
MP   3/26        EV 17     Int 23      God: Cheibriados [*.....]
Gold 274         SH  0     Dex 17      Spells:  3 memorised, 12 levels left

rFire  . . .     SeeInvis .     d - +5 quarterstaff (chaos)
rCold  . . .     Rnd*Rage +     q - +0 robe (curse)
rNeg   . . .     rCorr    .     (no shield)
rPois  .         rRot     .     (no helmet)
rElec  .         Spirit   .     y - +0 cloak
SustAb .         Warding  .     (no gloves)
rMut   .         Stasis   .     (no boots)
Gourm  .                        (no amulet)
MR     +....                    (no ring)
                                t - ring of wizardry

@: very slightly contaminated, very slow, somewhat resistant to hostile
enchantments, unstealthy
A: berserk 1
a: Bend Time, Renounce Religion


You were on level 8 of the Dungeon.
You worshipped Cheibriados.
Cheibriados was aware of your devotion.
You were not hungry.

You visited 2 branches of the dungeon, and saw 10 of its levels.

You collected 274 gold pieces.

Inventory:

Hand weapons
 a - a +1 dagger of venom
 d - a +5 quarterstaff of chaos (weapon)
 e - a +0 cutlass
 h - a +0 hammer of holy wrath
 w - a cursed +3 dagger of freezing
 z - a +2 dagger of electrocution
 B - a +0 blowgun
 C - a +2 scimitar
 E - a +0 dire flail
 J - a +0 quarterstaff
 K - a +0 war axe of flaming
 L - a +3 dagger
Armour
 f - a +0 ring mail
 q - a cursed +0 robe (worn)
 y - a +0 cloak (worn)
 I - a +0 shield
Magical devices
 i - a wand of fire (7) {unknown}
 m - a wand of paralysis (11)
Comestibles
 c - 5 bread rations
 j - 2 meat rations
 k - a chunk of wolf flesh
 G - 3 beef jerkies
 H - 7 slices of pizza
Scrolls
 n - a scroll of recharging
 o - 2 scrolls of amnesia
 p - a scroll of enchant armour {unknown}
 r - a scroll of fog
 v - 2 scrolls of enchant weapon
 x - 2 scrolls of remove curse {unknown}
 D - a scroll of noise {unknown}
 F - a scroll of magic mapping
 M - a scroll of teleportation {unknown}
Jewellery
 t - a ring of wizardry (left hand)
Potions
 g - a potion of curing
 l - a potion of restore abilities
 s - 2 potions of might
 u - a potion of brilliance
 A - a potion of cure mutation
Books
 b - a book of Frost

   Spells                             Type                      Level
   *Freeze                            Ice                          1
   *Throw Frost                       Conjuration/Ice              2
   Ozocubu's Armour                   Charms/Ice                   3
   *Throw Icicle                      Conjuration/Ice              4
   Summon Ice Beast                   Ice/Summoning                4
   Condensation Shield                Ice                          4
 N - a Necronomicon {highlevel, unknown}

   This book is beyond your current level of understanding.

   Spells                             Type                      Level
   Haunt                              Necromancy/Summoning         7
   Borgnjor's Revivification          Necromancy                   8
   Death's Door                       Charms/Necromancy            8
   Necromutation                      Transmutation/Necromancy     8


   Skills:
 * Level 8.5 Staves
 + Level 7.6 Dodging
 - Level 2.4 Stealth
 - Level 5.0 Spellcasting
 - Level 7.3 Conjurations
 - Level 7.2 Ice Magic
 - Level 4.5 Evocations


You had 12 spell levels left.
You knew the following spells:

 Your Spells              Type           Power        Failure   Level  Hunger
a - Freeze                Ice            ####         1%          1    None
b - Throw Frost           Conj/Ice       #####.       1%          2    None
c - Throw Icicle          Conj/Ice       #####...     2%          4    ####...


Dungeon Overview and Level Annotations

Branches:
Dungeon (9/15)             Temple (1/1) D:7
    Orc: D:9-12        Lair: D:8-11

Altars:
Ashenzari
Cheibriados
Dithmenos
Elyvilon
Fedhas
Gozag
Kikubaaqudgha
Makhleb
Nemelex Xobeh
Okawaru
Qazlal
Sif Muna
Trog
Vehumet
Xom
Yredelemnul
Zin
The Shining One

Annotations:
D:8 Dowan, Duvessa


Innate Abilities, Weirdness & Mutations

You tend to lose your temper in combat.


Message History

There is a stone staircase leading down, spattered with blood here.
Casting: Freeze
Confirm with . or Enter, or press ? or * to list all spells.
Aiming: Throw Icicle
Press: ? - help, Shift-Dir - straight line, f - orc priest
Aim: an orc priest, wielding a short sword The shard of ice misses the orc priest.
The orc priest closely misses you.
Casting: Throw Icicle
Confirm with . or Enter, or press ? or * to list all spells.
Aiming: Throw Icicle
Press: ? - help, Shift-Dir - straight line, f/p - orc priest
Aim: an orc priest, wielding a short sword You miscast Throw Icicle.
You are very lightly contaminated with residual magic.
Your hands feel numb with cold.
The orc wizard points at you and mumbles some strange words.
You easily resist.
The orc priest calls down the wrath of Beogh upon you.
Something smites you!
You die...

##.##.# #.#
..#.###.#
#.#.#...#
#.#.#.###
#...).#
#.#o#####....
#.........#
##..#########
#.@.[.......
##o#########
#.# ###


You could see an orc priest and an orc wizard.

Vanquished Creatures
  Joseph (D:8)
  Prince Ribbit (D:5)
  A hog (D:7)
  A human (D:7)
  A yak (D:7)
  2 hippogriffs (D:7)
  Grum (D:8)
  A water moccasin (D:8)
  2 wolves (D:8)
  2 orc warriors
  2 phantoms
  3 sky beasts
  3 ogres
  A centaur (D:5)
  Blork the orc (D:7)
  4 giant frogs
  3 scorpions
  3 wights (D:7)
  2 crimson imps
  Crazy Yiuf (D:5)
  3 orc priests
  4 hounds
  2 worker ants
  2 iguanas
  6 orc wizards
  A killer bee zombie (D:5)
  2 sheep (D:7)
  A hound zombie (D:6)
  5 adders
  3 giant mites
  2 shadow imps
  A worm (D:3)
  An iguana skeleton (D:4)
  4 giant geckos
  20 orcs
  2 giant cockroaches
  5 hobgoblins
  An ooze (D:5)
  4 quokkas
  3 ball pythons
  4 bats
  A giant newt (D:4)
  8 goblins
  2 hobgoblin skeletons
  15 jackals
  7 kobolds
  An orc zombie (D:7)
  4 rats
150 creatures vanquished.

Vanquished Creatures (others)
  A giant gecko zombie (D:7)
1 creature vanquished.

Grand Total: 151 creatures vanquished

Notes
Turn   | Place    | Note
--------------------------------------------------------------
     0 | D:1      | indubioproreo, the Deep Elf Ice Elementalist, began the quest for the Orb.
     0 | D:1      | Reached XP level 1. HP: 10/10 MP: 5/5
   139 | D:3      | Reached skill level 4 in Spellcasting
   139 | D:3      | Reached XP level 2. HP: 13/15 MP: 0/9
   143 | D:3      | Learned a level 2 spell: Throw Frost
   228 | D:4      | Noticed a scorpion
   245 | D:4      | Killed a scorpion
   245 | D:4      | Reached skill level 1 in Evocations
   245 | D:4      | Reached XP level 3. HP: 17/19 MP: 0/12
   316 | D:4      | Reached XP level 4. HP: 24/24 MP: 5/15
   323 | D:4      | Learned a level 4 spell: Throw Icicle
   381 | D:4      | Found a burning altar of Makhleb.
   486 | D:3      | Found a radiant altar of Vehumet.
   486 | D:3      | Found a shimmering altar of Xom.
   488 | D:3      | Found an ancient bone altar of Kikubaaqudgha.
   583 | D:4      | Reached XP level 5. HP: 16/28 MP: 3/18
   603 | D:4      | Noticed an ogre
   611 | D:4      | Killed an ogre
   732 | D:4      | Reached XP level 6. HP: 21/32 MP: 0/20
   852 | D:3      | Noticed a hound
   856 | D:3      | Noticed an orc warrior
   860 | D:3      | Killed a hound
   871 | D:3      | Killed an orc warrior
   871 | D:3      | Reached skill level 5 in Conjurations
   871 | D:3      | Reached skill level 5 in Ice Magic
  1083 | D:5      | Entered Level 5 of the Dungeon
  1134 | D:5      | Reached XP level 7. HP: 10/36 MP: 2/21
  1357 | D:5      | Noticed Crazy Yiuf
  1359 | D:5      | Killed Crazy Yiuf
  1396 | D:5      | Found a shadowy altar of Dithmenos.
  1482 | D:5      | Noticed Prince Ribbit
  1487 | D:5      | Killed Prince Ribbit
  1487 | D:5      | Reached skill level 6 in Conjurations
  1519 | D:5      | Found a deep blue altar of Sif Muna.
  1680 | D:5      | Reached XP level 8. HP: 19/41 MP: 7/22
  1745 | D:5      | Gained mutation: You tend to lose your temper in combat. [mutagenic meat]
  1785 | D:6      | Reached skill level 7 in Ice Magic
  2036 | D:6      | Found a basalt altar of Yredelemnul.
  2044 | D:6      | Found a white marble altar of Elyvilon.
  2045 | D:6      | Found a blossoming altar of Fedhas.
  2050 | D:6      | Found a sparkling altar of Nemelex Xobeh.
  2051 | D:6      | Found a stormy altar of Qazlal.
  2357 | D:6      | Reached skill level 5 in Spellcasting
  2461 | D:7      | Reached skill level 1 in Staves
  2483 | D:7      | Found a staircase to the Ecumenical Temple.
  2489 | Temple   | Entered the Ecumenical Temple
  2510 | Temple   | Became a worshipper of Cheibriados the Contemplative
  2658 | D:7      | Noticed Blork the orc
  2797 | D:7      | Killed Blork the orc
  2865 | D:7      | Reached XP level 9. HP: 13/45 MP: 2/25
  2881 | D:7      | Reached skill level 5 in Staves
  2881 | D:7      | Reached skill level 5 in Dodging
  2944 | D:7      | HP: 2/45 [hippogriff (7)]
  3305 | D:8      | Noticed Duvessa
  3309 | D:8      | Noticed Dowan
  3335 | D:7      | HP: 2/45 [something (6)]
  3685 | D:8      | Noticed Joseph
  3696 | D:8      | Was placed under penance by Cheibriados
  3700 | D:8      | Killed Joseph
  3735 | D:8      | Was forgiven by Cheibriados
  3765 | D:8      | HP: 1/45 [wolf[Grum] (8)]
  3769 | D:8      | Reached skill level 8 in Staves
  3807 | D:8      | Noticed Grum
  3814 | D:8      | Killed Grum
  3814 | D:8      | Reached XP level 10. HP: 22/50 MP: 4/26
  3923 | D:8      | Killed from afar by an orc priest

Action                   |  1- 3 |  4- 6 |  7- 9 | 10-12 || total
-------------------------+-------+-------+-------+-------++-------
Melee: Short sword       |     7 |    41 |       |       ||    48
       Trident           |       |    32 |     2 |       ||    34
       Quarterstaff      |       |       |   171 |     9 ||   180
Throw: Javelin           |     2 |     6 |     2 |       ||    10
 Cast: Freeze            |    16 |    30 |    25 |     9 ||    80
       Throw Frost       |     5 |     2 |    27 |     1 ||    35
       Throw Icicle      |       |    18 |    69 |     2 ||    89
Evoke: Wand              |     1 |     1 |    18 |       ||    20
  Use: Potion            |       |       |     3 |     1 ||     4
       Scroll            |       |       |    14 |     1 ||    15
 Stab: Paralysed         |     2 |     3 |    34 |       ||    39
       Sleeping          |       |     2 |     1 |       ||     3
  Eat: Chunk             |       |     3 |    11 |     1 ||    15
       Fruit             |       |       |     7 |       ||     7
       Pizza             |       |       |     1 |       ||     1
       Meat ration       |       |       |     1 |       ||     1
